[Event "Team 45 45 League T46"]
[Site "Internet Chess Club"]
[Date "2010.08.07"]
[Round "1"]
[White "Lokath"]
[Black "cityprosecutor"]
[Result "0-1"]
[WhiteElo "1811"]
[BlackElo "1738"]
[Opening "Sicilian: closed"]
[ECO "B24"]
[Time "07:01:51"]
[TimeControl "2700+45"]

1. e4 c5 2. Nc3 Nc6 3. g3 d6 4. Bg2 Nf6 5. d3 g6 6. Be3 Bg7 7. h3 Bd7 8. Qd2 Qc8
9. Bh6 Bxh6 10. Qxh6 Nd4 11. O-O-O Qc6 12. f4 O-O-O 13. Rd2 Qa6 14. e5 dxe5 15.
fxe5 Nf5 16. Qf4 Nh5 17. Qf2 Nhxg3 18. Qxc5+ Kb8 19. Rh2 Rc8 20. Qb4 Bc6 21. Rd1
e6 22. Ne4 Qxa2 23. Nc5 b6 24. Bxc6 Rxc6 25. Nd7+ Kc8 26. Nf6 Ne3 27. Kd2 Nxd1
{White resigns} 0-1

[Event "Team 45 45 League T46"]
[Site "Internet Chess Club"]
[Date "2010.08.07"]
[Round "1"]
[White "wavery"]
[Black "tigereye"]
[Result "0-1"]
[WhiteElo "1764"]
[BlackElo "1864"]
[Opening "Queen's pawn, Mason variation, Steinitz counter-gambit"]
[ECO "D00"]
[Time "11:02:06"]
[TimeControl "2700+45"]

1. d4 d5 2. Bf4 c5 3. e3 Nc6 4. Nf3 Nf6 5. c3 Qb6 6. Qb3 c4 7. Qc2 Bf5 8. Qc1 h6
9. h3 e6 10. Nbd2 Rc8 11. Be2 Be7 12. O-O O-O 13. Re1 Rfd8 14. Bf1 Bd6 15. Ne5
Qc7 16. Nxc6 Qxc6 17. Bxd6 Qxd6 18. Nf3 Ne4 19. Nd2 b5 20. Nxe4 Bxe4 21. f3 Bg6
22. e4 b4 23. exd5 exd5 24. Qd2 bxc3 25. bxc3 Rb8 26. Re5 f6 27. Re3 Qa3 28. Re6
Rb2 29. Ra6 Rxd2 30. Rxa3 Rd7 31. Rc1 Rb7 32. Ra5 Rbb2 33. Rxd5 Rxa2 34. Bxc4
Rxg2+ 35. Kf1 Raf2+ 36. Ke1 Kh7 37. Rd8 Bf5 38. Bf1 Rh2 39. c4 Rxf1+ 40. Kxf1
Rh1+ 41. Kf2 Rxc1 42. c5 Bxh3 43. Ra8 Rc3 44. Rxa7 Rd3 45. Ra4 Bd7 46. Rb4 Bc6
47. f4 Kg6 48. Rb6 Be4 49. c6 Rxd4 50. c7 Rc4 51. Ke3 Bf5 52. Rb7 h5 53. Ra7 h4
54. Kf3 Rc3+ 55. Kg2 h3+ {White resigns} 0-1

[Event "Team 45 45 League T46"]
[Site "Internet Chess Club"]
[Date "2010.08.07"]
[Round "1"]
[White "Deebs"]
[Black "froggoathorse"]
[Result "0-1"]
[WhiteElo "1765"]
[BlackElo "1859"]
[Opening "QGD: exchange variation"]
[ECO "D35"]
[Time "22:07:55"]
[TimeControl "2700+45"]

1. d4 d5 2. c4 e6 3. Nc3 Nf6 4. cxd5 exd5 5. Nf3 c6 6. Bg5 h6 7. Bh4 Bf5 8. Qb3
g5 9. Qxb7 gxh4 10. Qxa8 Qb6 11. O-O-O Bb4 12. Na4 Qc7 13. Nc5 Bxc5 14. dxc5 O-O
15. Nd4 Bd7 16. e3 Ne4 17. Be2 Nxc5 18. b4 Na4 19. Rd2 Nb6 {White resigns} 0-1

[Event "Team 45 45 League T46"]
[Site "Internet Chess Club"]
[Date "2010.08.07"]
[Round "1"]
[White "jps7"]
[Black "RayF"]
[Result "0-1"]
[WhiteElo "1606"]
[BlackElo "1733"]
[Opening "King's Indian: East Indian defense"]
[ECO "A48"]
[Time "22:30:14"]
[TimeControl "2700+45"]

1. d4 Nf6 2. Nf3 g6 3. e3 Bg7 4. Bd3 O-O 5. O-O Nc6 6. b3 d6 7. Bb2 Nb4 8. Be2
Bf5 9. Na3 c5 10. c3 Nc6 11. d5 Nb8 12. c4 Nbd7 13. h3 Qa5 14. Nc2 Rac8 15. Nh4
Be4 16. f3 Bxc2 17. Qxc2 Nh5 18. Bxg7 Kxg7 19. Bd3 Ne5 20. Qb2 Kg8 21. Bc2 Qb4
22. a3 Qd2 23. Qc1 Qc3 24. Rd1 Nd7 25. f4 Nb6 26. Rd3 Qf6 27. Nf3 Ng3 28. Qe1
Rfd8 29. Rad1 Ne4 30. Nd2 Nxd2 31. Qxd2 Ra8 32. Bb1 a5 33. a4 Nd7 34. Qf2 Rdc8
35. e4 b6 36. Rf3 Rf8 37. Rf1 Qg7 38. Qh4 Qd4+ 39. Kh2 Nf6 40. Qe1 Nh5 41. Rd3
Qb2 42. Rf2 Qa3 43. g4 Ng7 44. e5 f6 45. exd6 exd6 46. Re3 Rae8 47. Rfe2 Rxe3
48. Rxe3 Qb2+ 49. Kg3 f5 50. gxf5 Nh5+ 51. Kf3 Qh2 52. Qh4 Qh1+ 53. Ke2 Qxb1 54.
Qg5 Rxf5 55. Re8+ Kg7 56. Qe7+ Rf7 57. Qxd6 Nxf4+ 58. Kd2 Nxh3 59. Qe5+ Kh6 60.
Qe3+ Ng5 61. Re5 Qb2+ 62. Ke1 Qxe5 63. Qxe5 Nf3+ 64. Ke2 Nxe5 65. Ke3 Kg5 66.
Ke4 Rf5 67. d6 h5 68. Kd5 h4 69. Ke6 h3 {White resigns} 0-1

[Event "Team 45 45 League T46"]
[Site "Internet Chess Club"]
[Date "2010.08.06"]
[Round "1"]
[White "smitty120"]
[Black "chesshawk"]
[Result "1/2-1/2"]
[WhiteElo "1850"]
[BlackElo "1592"]
[Opening "Sicilian: Nimzovich-Rossolimo attack (with ...g6, without ...d6)"]
[ECO "B31"]
[Time "13:01:40"]
[TimeControl "2700+45"]

1. e4 c5 2. Nf3 Nc6 3. Bb5 g6 4. O-O Bg7 5. c3 e6 6. Re1 Nge7 7. e5 Qc7 8. d4
cxd4 9. cxd4 O-O 10. Bf4 a6 11. Bf1 Qb6 12. Qd2 Nf5 13. Re4 Qb4 14. Nc3 d5 15.
exd6 Nxd6 16. Bxd6 Qxd6 17. Rd1 Rd8 18. Rh4 b5 19. a4 bxa4 20. Nxa4 Rb8 21. Nc3
Rb4 22. Ne2 Bf6 23. Rh3 Nxd4 24. Nfxd4 Bxd4 25. Rd3 e5 26. Kh1 Bf5 27. Ra3 Rxb2
28. Qxb2 Bxb2 29. Rxd6 Rxd6 30. Ra2 Bd4 31. Kg1 Be6 32. Ra5 Rb6 33. g3 Rb1 34.
Nxd4 exd4 35. Kg2 Bh3+ 36. Kxh3 Rxf1 37. Rxa6 Rxf2 38. Rd6 Rd2 39. g4 d3 40. Kg3
Rd1 41. h4 d2 42. Kg2 Kf8 43. h5 Ke7 44. Rd3 Kf6 45. hxg6 hxg6 46. Rd5 Ke6 47.
Rd8 f5 48. gxf5+ gxf5 49. Rd4 Ke5 50. Rd8 Kf4 51. Rd3 Ke4 52. Rd8 f4 53. Re8+
Kd3 54. Rd8+ Kc4 55. Rc8+ Kd5 56. Rd8+ Kc6 57. Rd3 Kc5 58. Rd8 Kb6 59. Rd3 Kc6
60. Rd8 Kc5 61. Rd3 Kc4 62. Rd8 Kc3 63. Rc8+ Kd4 64. Rd8+ Ke5 65. Re8+ Kf6 66.
Rd8 Ke7 67. Rd3 Ke6 68. Rd8 Re1 69. Rxd2 Kf5 70. Kf2 Re3 71. Rd8 Re5 72. Kf3
Re3+ 73. Kf2 Rc3 74. Rf8+ Ke4 75. Re8+ {Game drawn by mutual agreement} 1/2-1/2

[Event "Team 45 45 League T46"]
[Site "Internet Chess Club"]
[Date "2010.08.07"]
[Round "1"]
[White "rainden"]
[Black "LukeOZade"]
[Result "0-1"]
[WhiteElo "1569"]
[BlackElo "1733"]
[Opening "Center game: Berger variation"]
[ECO "C22"]
[Time "14:14:15"]
[TimeControl "2700+45"]

1. e4 e5 2. d4 exd4 3. Qxd4 Nc6 4. Qe3 Nf6 5. Nc3 Bb4 6. Bd2 O-O 7. O-O-O Re8 8.
Qg3 Rxe4 9. a3 Rg4 10. Qe3 Ba5 11. h3 Rg6 12. f4 d5 13. Qf2 Bb6 14. Be3 Bxe3+
15. Qxe3 Be6 16. Nf3 h5 17. Ng5 Qe7 18. Bd3 Rh6 19. Rhe1 d4 20. Nd5 Nxd5 21. Qe4
Re8 22. Bc4 Qd7 23. Bxd5 Rf8 24. Bxe6 fxe6 25. Nxe6 Qxe6 26. Qxe6+ Rxe6 27. Rxe6
Rxf4 28. Re8+ Kh7 29. b4 a6 30. a4 Nxb4 31. Re7 Nd5 32. Rd7 Nc3 33. R1xd4 Rxd4
34. Rxd4 Ne2+ 35. Kd2 Nxd4 36. Kd3 c5 37. a5 Kg6 38. Kc4 Nxc2 39. Kxc5 Na3 40.
Kb4 Nb5 41. Kc5 Kf5 42. Kb6 Nd6 43. Kc7 Ke6 44. g3 g5 45. Kb6 Kd5 46. Kc7 Nc4
47. Kxb7 Nxa5+ 48. Kxa6 Ke4 49. Kxa5 Kf3 50. h4 g4 51. Kb4 Kxg3 52. Kc3 Kxh4 53.
Kd2 Kh3 54. Ke2 Kh2 55. Kf2 g3+ 56. Kf3 g2 57. Ke4 g1=Q 58. Ke5 Kg2 59. Kd5 h4
60. Ke4 h3 61. Ke5 h2 62. Kd5 h1=Q 63. Ke4 Qh4+ 64. Ke5 Qgd4+ 65. Kf5 Qhf4+ 66.
Ke6 Qde5+ 67. Kd7 Qfd4+ 68. Kc6 Qec5+ 69. Kb7 Qdb4+ 70. Ka6 Qca5# {White
checkmated} 0-1

[Event "Team 45 45 League T46"]
[Site "Internet Chess Club"]
[Date "2010.08.07"]
[Round "1"]
[White "RLLN"]
[Black "jt2000"]
[Result "1/2-1/2"]
[WhiteElo "1674"]
[BlackElo "1707"]
[Opening "Queen's gambit declined"]
[ECO "D30"]
[Time "12:10:08"]
[TimeControl "2700+45"]

1. d4 d5 2. c4 e6 3. Nf3 c5 4. cxd5 exd5 5. g3 Nc6 6. Bg2 Nf6 7. b3 Bd6 8. O-O
O-O 9. Nc3 Re8 10. Bg5 h6 11. Bxf6 Qxf6 12. Nxd5 Qe6 13. dxc5 Bxc5 14. Nf4 Qf6
15. Nd5 Qd6 16. Nd2 Bf5 17. e4 Be6 18. Nc4 Qd7 19. Qc2 Bxd5 20. exd5 Nd4 21. Qd3
b5 22. Ne3 a6 23. Rac1 Bb6 {Game drawn by mutual agreement} 1/2-1/2

[Event "Team 45 45 League T46"]
[Site "Internet Chess Club"]
[Date "2010.08.12"]
[Round "1"]
[White "j316chuck"]
[Black "Rhel"]
[Result "0-1"]
[WhiteElo "1352"]
[BlackElo "1609"]
[Opening "Sicilian: accelerated fianchetto, modern variation with Bc4"]
[ECO "B35"]
[Time "16:31:02"]
[TimeControl "2700+45"]

1. e4 c5 2. Nf3 g6 3. d4 cxd4 4. Nxd4 Nc6 5. Nc3 Bg7 6. Be3 Nf6 7. Bc4 O-O 8.
O-O Nxe4 9. Nxe4 d5 10. Bxd5 Qxd5 11. Nxc6 Qxc6 12. Nc3 Bf5 13. Bd2 Rfd8 14. Qc1
Rd7 15. Kh1 Rad8 16. Rd1 Bg4 17. f3 Bxf3 18. gxf3 Qxf3+ 19. Kg1 {White resigns}
0-1

[Event "Team 45 45 League T46"]
[Site "Internet Chess Club"]
[Date "2010.08.06"]
[Round "1"]
[White "frank001"]
[Black "ChessyNessy"]
[Result "1-0"]
[WhiteElo "1857"]
[BlackElo "1897"]
[Opening "Bird's opening"]
[ECO "A03"]
[Time "04:00:51"]
[TimeControl "2700+45"]

1. f4 d5 2. Nf3 Nf6 3. d4 Bf5 4. e3 e6 5. Bd3 Be4 6. O-O c5 7. c3 Be7 8. Qe2 O-O
9. Nbd2 Nc6 10. Ne5 Rc8 11. Nxe4 Nxe4 12. g4 f5 13. gxf5 exf5 14. Kh1 c4 15. Bc2
b5 16. a3 Nxe5 17. fxe5 Rc6 18. Bd2 Rh6 19. Bxe4 dxe4 20. Rg1 Qd5 21. Raf1 f4
22. Qg4 g5 23. Rxf4 Rxf4 24. Qxf4 Kh8 25. Qf5 Rg6 26. Be1 Kg7 27. Rg4 h5 28.
Qxe4 Qf7 29. Rg1 Qe6 30. d5 Qh3 31. d6 Bxd6 32. exd6 Rxd6 33. Rxg5+ Kf7 34. Qh7+
Ke6 35. Qg8+ Kd7 36. Rg7+ Kc6 37. Qa8+ Kb6 38. Rb7+ Ka5 39. Rxa7+ Kb6 40. Rb7+
Kc5 41. Rc7+ Kb6 42. Qa7# {Black checkmated} 1-0

[Event "Team 45 45 League T46"]
[Site "Internet Chess Club"]
[Date "2010.08.08"]
[Round "1"]
[White "Diperblu"]
[Black "johnnyperez"]
[Result "0-1"]
[WhiteElo "1660"]
[BlackElo "1672"]
[Opening "English: Carls' Bremen system"]
[ECO "A22"]
[Time "14:00:15"]
[TimeControl "2700+45"]

1. c4 e5 2. Nc3 Nf6 3. g3 Nc6 4. Bg2 d6 5. d3 Be7 6. Nf3 O-O 7. Bg5 h6 8. Be3 d5
9. cxd5 Nxd5 10. Nxd5 Qxd5 11. O-O Qe6 12. Rc1 Bd7 13. b3 f5 14. Bc5 Bxc5 15.
Rxc5 b6 16. Rc1 Rad8 17. Qc2 e4 18. dxe4 fxe4 19. Nd2 Nd4 20. Qd1 e3 21. Nf3
Nxf3+ 22. Bxf3 exf2+ 23. Rxf2 Bc6 24. Qc2 Bxf3 25. exf3 Qe3 26. Qxc7 Rd2 27. Rf1
Rxf3 {White resigns} 0-1

[Event "Team 45 45 League T46"]
[Site "Internet Chess Club"]
[Date "2010.08.05"]
[Round "1"]
[White "nityanand"]
[Black "Bacon1290"]
[Result "0-1"]
[WhiteElo "1653"]
[BlackElo "1671"]
[Opening "Sicilian"]
[ECO "B50"]
[Time "11:30:30"]
[TimeControl "2700+45"]

1. e4 c5 2. Nf3 d6 3. d3 g6 4. g3 Bg7 5. Bg2 Nc6 6. c3 e6 7. O-O Nge7 8. Re1 O-O
9. Be3 d5 10. Bxc5 dxe4 11. dxe4 Qa5 12. Ba3 Rd8 13. Qe2 b6 14. Nbd2 Ba6 15. Qe3
Rd3 16. Qf4 e5 17. Qh4 f6 18. Bf1 g5 19. Qh5 Rdd8 20. Nb3 Qa4 21. Bxa6 Qxa6 22.
Rad1 Ng6 23. h4 gxh4 24. Nxh4 Nxh4 25. Qxh4 Rxd1 26. Rxd1 Qe2 27. Rf1 Rd8 28.
Qh3 Qc4 29. Qg4 a5 30. Kg2 b5 31. Nc5 b4 32. Ne6 Rd7 33. Rd1 Re7 34. Nxg7 Rxg7
35. Qc8+ Kf7 36. Rd7+ Kg6 37. Rd4 exd4 38. Qf5+ Kf7 39. cxb4 axb4 40. Bxb4 Ne7
41. Bxe7 Kxe7 42. b3 Qc6 43. Kf3 Qc3+ 44. Kg2 d3 45. Qb5 d2 46. Qb7+ Kd6 47.
Qxg7 d1=Q 48. Qf8+ Kd7 49. Qf7+ Kc8 50. Qe8+ Qd8 51. Qe6+ Qd7 52. Qa6+ Kb8 53.
Qb6+ Qb7 54. Qd6+ Ka8 55. Qa3+ Kb8 56. Qd6+ Qcc7 57. Qf8+ Ka7 58. Qa3+ Qa6 59.
Qb2 Qe5 60. Qc2 Qad6 61. Qc4 Kb6 62. a4 Qdc5 63. Qd3 Qcd4 64. a5+ Kxa5 65. b4+
Kb6 {White resigns} 0-1

[Event "Team 45 45 League T46"]
[Site "Internet Chess Club"]
[Date "2010.08.05"]
[Round "1"]
[White "Two-DogMan"]
[Black "IceBox"]
[Result "0-1"]
[WhiteElo "1647"]
[BlackElo "1695"]
[Opening "French: exchange variation"]
[ECO "C01"]
[Time "15:00:09"]
[TimeControl "2700+45"]

1. e4 e6 2. d4 d5 3. exd5 exd5 4. Nf3 Bd6 5. Nc3 c6 6. Be2 Ne7 7. Be3 b5 8. a3
f6 9. h3 O-O 10. O-O Be6 11. Nh2 Qc7 12. f4 Nf5 13. Qd2 Ng3 14. Rf3 Nxe2+ 15.
Nxe2 Nd7 16. Raf1 Nb6 17. Qc3 Nc4 18. Bc1 Rae8 19. Qd3 Bf7 20. Ng4 Bg6 21. f5
Bh5 22. Ng3 Bxg3 23. Rxg3 Qe7 24. b3 Nd6 25. Nf2 Be2 26. Re1 Bxd3 27. Rxe7 Rxe7
28. Nxd3 Nxf5 29. Rg4 Rfe8 30. Bf4 h5 31. Rg6 Kf7 32. Bd6 Kxg6 33. Bxe7 Rxe7 34.
Nf4+ Kg5 35. Nd3 Nxd4 36. c4 Nxb3 37. cxb5 cxb5 38. Nb4 Rd7 39. Kf2 Kf5 40. Ke3
d4+ 41. Kd3 Nc5+ 42. Kd2 Kf4 43. Nc2 Kg3 44. Ne1 {White resigns} 0-1

[Event "Team 45 45 League T46"]
[Site "Internet Chess Club"]
[Date "2010.08.14"]
[Round "1"]
[White "AG2009"]
[Black "Merciful"]
[Result "1-0"]
[WhiteElo "2267"]
[BlackElo "2013"]
[Opening "QGD Slav: 4.e3"]
[ECO "D11"]
[Time "10:00:44"]
[TimeControl "2700+45"]

1. d4 d5 2. Nf3 c6 3. c4 Nf6 4. e3 Bg4 5. Qb3 Qb6 6. Nc3 e6 7. Nh4 Nbd7 8. h3
Bh5 9. g4 Bg6 10. Nxg6 hxg6 11. Bg2 Bb4 12. Bd2 O-O 13. c5 Qa5 14. a3 Bxc3 15.
Bxc3 Qc7 16. g5 Nh5 17. Qc2 e5 18. dxe5 Nxe5 19. O-O-O b6 20. cxb6 axb6 21. Bf1
Rfe8 22. Be2 Nc4 23. Bxh5 gxh5 24. g6 fxg6 25. Qxg6 Qf7 26. Rhg1 Qxg6 27. Rxg6
Ra7 28. Rxc6 Rd7 29. Rxc4 {Black resigns} 1-0

[Event "Team 45 45 League T46"]
[Site "Internet Chess Club"]
[Date "2010.08.07"]
[Round "1"]
[White "sammj"]
[Black "Camalleo"]
[Result "0-1"]
[WhiteElo "2092"]
[BlackElo "1883"]
[Opening "Sicilian: Taimanov variation"]
[ECO "B48"]
[Time "10:00:38"]
[TimeControl "2700+45"]

1. e4 c5 2. Nf3 e6 3. d4 cxd4 4. Nxd4 a6 5. Nc3 Nc6 6. Be3 Qc7 7. Qd2 Nf6 8.
O-O-O Bb4 9. f3 Ne5 10. Nb3 b5 11. Qe1 Nc4 12. Bd4 Bb7 13. e5 Bxc3 14. Bxc3 Nd5
15. Bd4 O-O 16. Bd3 Rfc8 17. Nc5 Nxe5 18. Be4 f5 19. Qg3 Nf4 20. Qxf4 Nd3+
{White resigns} 0-1

[Event "Team 45 45 League T46"]
[Site "Internet Chess Club"]
[Date "2010.08.08"]
[Round "1"]
[White "upsan"]
[Black "CREDITorDEBIT"]
[Result "1-0"]
[WhiteElo "1877"]
[BlackElo "1791"]
[Opening "Sicilian: Nimzovich-Rubinstein variation"]
[ECO "B29"]
[Time "11:01:22"]
[TimeControl "2700+45"]

1. e4 c5 2. Nf3 Nf6 3. e5 Nd5 4. d4 e6 5. c4 Nb6 6. dxc5 Bxc5 7. Nc3 Be7 8. Be2
Nc6 9. O-O f6 10. Be3 d5 11. exd6 Bxd6 12. c5 Bc7 13. Qxd8+ Bxd8 14. cxb6 axb6
15. Rfd1 Bd7 16. a3 Na7 17. Rac1 Bc6 18. Nd4 Ke7 19. Nxc6+ bxc6 20. Bf3 Rc8 21.
Rd2 Bc7 22. Rcd1 Rhd8 23. Na4 c5 24. Rxd8 Rxd8 25. Nxc5 Rxd1+ 26. Bxd1 Nc6 27.
Nd3 e5 28. Ba4 Na5 29. Kf1 Kd6 30. Ke2 f5 31. f4 e4 32. Nb4 Bd8 33. Bd4 g5 34.
g3 gxf4 35. gxf4 h5 36. Be5+ Kc5 37. Bd7 Nc4 38. Bc3 Bc7 39. Na6+ Kd6 40. Nxc7
Kxd7 41. Nd5 Ke6 42. Ne3 Nd6 43. a4 b5 44. a5 Kd7 45. Be5 {Black resigns} 1-0

[Event "Team 45 45 League T46"]
[Site "Internet Chess Club"]
[Date "2010.08.05"]
[Round "1"]
[White "NFork"]
[Black "Deckfuel"]
[Result "1-0"]
[WhiteElo "2382"]
[BlackElo "1920"]
[Opening "Robatsch defense"]
[ECO "B06"]
[Time "06:00:33"]
[TimeControl "2700+45"]

1. e4 g6 2. d4 Bg7 3. Nc3 c6 4. h3 h5 5. Nf3 d5 6. Bf4 Qb6 7. Rb1 dxe4 8. Nxe4
Bf5 9. Ng3 Be6 10. b3 Bd5 11. c3 Qa5 12. Qd2 Bxf3 13. gxf3 Nf6 14. c4 Qxd2+ 15.
Kxd2 Nbd7 16. Rg1 O-O-O 17. Kc2 e6 18. Rd1 Rhe8 19. Ne4 Nxe4 20. fxe4 e5 21. Bg5
f6 22. Be3 exd4 23. Bxd4 Nf8 24. f3 b6 25. h4 c5 26. Bh3+ Kb7 27. Bc3 Rxd1 28.
Rxd1 Re7 29. Rd8 Nh7 30. Rg8 g5 31. Bc8+ Kc7 32. Bf5 gxh4 33. Bxh7 h3 34. Bd2
Kb7 35. Bf4 Bh6 36. Bh2 Rxh7 37. Rg3 Bf4 38. Rxh3 Bxh2 39. Rxh2 h4 40. Kd3 Kc6
41. Ke3 Kd6 42. f4 a6 43. Kf3 b5 44. Kg4 b4 45. Rxh4 f5+ 46. exf5 Rg7+ 47. Kf3
Rg1 48. Rh6+ Ke7 49. Rxa6 Rf1+ 50. Ke4 Re1+ 51. Kd5 Rf1 52. f6+ {Black resigns}
1-0

[Event "Team 45 45 League T46"]
[Site "Internet Chess Club"]
[Date "2010.08.06"]
[Round "1"]
[White "Boromir"]
[Black "Dreamshell"]
[Result "1/2-1/2"]
[WhiteElo "1969"]
[BlackElo "1945"]
[Opening "Caro-Kann: Panov-Botvinnik attack, 5...e6"]
[ECO "B14"]
[Time "16:00:32"]
[TimeControl "2700+45"]

1. e4 c6 2. d4 d5 3. exd5 cxd5 4. c4 Nf6 5. Nc3 e6 6. Nf3 Bb4 7. cxd5 Nxd5 8.
Qc2 Nd7 9. Bd3 N7f6 10. O-O O-O 11. Nxd5 exd5 12. Bg5 h6 13. Bh4 Qb6 14. a3 Be7
15. Rfe1 Bd8 16. Rac1 Be6 17. b4 Rc8 18. Qd2 Rxc1 19. Rxc1 Ne4 20. Bxd8 Rxd8 21.
Qe1 Bf5 22. Qe3 Re8 23. Qf4 Ng3 24. Ne5 Bxd3 25. Qxf7+ Kh7 26. Rc7 Nf5 27. Qxe8
Qxc7 28. Qg6+ Kg8 29. Qe8+ Kh7 30. Qg6+ {Game drawn by mutual agreement} 1/2-1/2

[Event "Team 45 45 League T46"]
[Site "Internet Chess Club"]
[Date "2010.08.04"]
[Round "1"]
[White "qs16"]
[Black "Anzer"]
[Result "0-1"]
[WhiteElo "1741"]
[BlackElo "1997"]
[Opening "Queen's pawn game"]
[ECO "D04"]
[Time "17:30:41"]
[TimeControl "2700+45"]

1. d4 d5 2. Nf3 Nf6 3. e3 Bf5 4. Bd3 Bg6 5. Nbd2 e6 6. Ne5 Bxd3 7. Nxd3 Nbd7 8.
O-O b6 9. b3 Bd6 10. f4 c5 11. Bb2 O-O 12. Ne5 Rc8 13. c4 Qe7 14. Rc1 Rfd8 15.
Qf3 cxd4 16. Nxd7 Rxd7 17. Bxd4 Rdc7 18. Kh1 b5 19. Qg3 Bb4 20. Nf3 bxc4 21.
bxc4 Rxc4 22. Rb1 Bc5 23. Ne5 Rc2 24. Nc6 Qf8 25. Nxa7 Ne4 26. Qe1 Bxa7 27. Bxa7
Nd2 28. Bd4 Nxf1 29. Qxf1 Rxa2 30. Be5 f6 31. Rb2 Rxb2 32. Bxb2 Qb4 33. h3 Qxb2
34. Qa6 Qc1+ 35. Kh2 Qc6 {White resigns} 0-1

[Event "Team 45 45 League T46"]
[Site "Internet Chess Club"]
[Date "2010.08.09"]
[Round "1"]
[White "eSeM"]
[Black "oldsj"]
[Result "1-0"]
[WhiteElo "1982"]
[BlackElo "1649"]
[Opening "Sicilian: Najdorf variation"]
[ECO "B98"]
[Time "19:02:21"]
[TimeControl "2700+45"]

1. e4 c5 2. Nf3 d6 3. d4 cxd4 4. Nxd4 Nf6 5. Nc3 a6 6. Bg5 e6 7. f4 Be7 8. Qf3
Qc7 9. O-O-O b5 10. Bxf6 Bxf6 11. e5 Bb7 12. Ncxb5 axb5 13. Nxb5 Bxf3 14. Nxc7+
Kf8 15. gxf3 Rxa2 16. exf6 Ra1+ 17. Kd2 Ra5 18. fxg7+ Kxg7 19. Bb5 Rc8 20. b4
Ra2 21. Ne8+ Kf8 22. Nxd6 Raxc2+ 23. Ke3 {Black resigns} 1-0

[Event "Team 45 45 League T46"]
[Site "Internet Chess Club"]
[Date "2010.08.07"]
[Round "1"]
[White "Paulkov"]
[Black "Turzo"]
[Result "1-0"]
[WhiteElo "2275"]
[BlackElo "2328"]
[Opening "Ruy Lopez: modern Steinitz defense, 5.O-O"]
[ECO "C72"]
[Time "13:02:18"]
[TimeControl "2700+45"]

1. e4 e5 2. Nf3 Nc6 3. Bb5 a6 4. Ba4 d6 5. O-O Bd7 6. d4 Nge7 7. d5 Nb8 8. c4
Ng6 9. Nc3 Be7 10. Be3 O-O 11. Bxd7 Nxd7 12. b4 Nf4 13. Ne2 a5 14. a3 axb4 15.
Bxf4 exf4 16. axb4 g5 17. Rxa8 Qxa8 18. Ned4 Qa2 19. Nf5 Bf6 20. Nxg5 Bxg5 21.
Qg4 f6 22. Ne7+ Kh8 23. Qxd7 Qxc4 24. Nf5 Rg8 25. h4 Bxh4 26. Nxh4 Qxe4 27. Qf7
Qe5 28. Nf3 Qf5 29. Re1 c6 30. dxc6 bxc6 31. Re7 Qg6 32. Qxg6 hxg6 33. Re6 Rb8
34. Rxf6 Rxb4 35. Rxd6 Kg7 36. Rxc6 Rb5 37. Nd4 Rb4 38. Ne6+ Kf7 39. Ng5+ Kg7
40. f3 Kh6 41. Ne4 Rb5 42. Rf6 {Black resigns} 1-0

[Event "Team 45 45 League T46"]
[Site "Internet Chess Club"]
[Date "2010.08.08"]
[Round "1"]
[White "onslaught"]
[Black "MaartenKoning"]
[Result "0-1"]
[WhiteElo "2175"]
[BlackElo "2290"]
[Opening "Ruy Lopez: Schliemann defense"]
[ECO "C63"]
[Time "14:07:58"]
[TimeControl "2700+45"]

1. e4 e5 2. Nf3 Nc6 3. Bb5 f5 4. d3 fxe4 5. dxe4 Nf6 6. O-O d6 7. Nc3 Be7 8. Qd3
a6 9. Bxc6+ bxc6 10. Qc4 Bd7 11. Ng5 Rf8 12. Ne6 Bxe6 13. Qxe6 Qd7 14. Qb3 Nh5
15. g3 Qh3 16. Qb7 Kd7 17. Na4 Rfb8 18. Nb6+ Kd8 19. Qxc6 cxb6 20. Rd1 Qd7
{White resigns} 0-1

[Event "Team 45 45 League T46"]
[Site "Internet Chess Club"]
[Date "2010.08.08"]
[Round "1"]
[White "nb"]
[Black "izit"]
[Result "0-1"]
[WhiteElo "2088"]
[BlackElo "2201"]
[Opening "King's Indian: fianchetto, Panno variation"]
[ECO "E63"]
[Time "15:00:47"]
[TimeControl "2700+45"]

1. d4 Nf6 2. c4 g6 3. g3 Bg7 4. Bg2 O-O 5. Nf3 d6 6. Nc3 Nc6 7. O-O a6 8. Qd3
Bd7 9. d5 Nb4 10. Qd1 a5 11. a3 Na6 12. Be3 Qc8 13. Bd4 Bh3 14. e4 Bxg2 15. Kxg2
e5 16. dxe6 Qxe6 17. Rc1 Bh6 18. Nd2 c5 19. Bxf6 Qxf6 20. f4 Nc7 21. Rc2 Qe6 22.
f5 Qd7 23. Nf3 Rad8 24. Nh4 Rfe8 25. a4 Bg7 26. Re2 Bxc3 27. bxc3 Qc6 28. Rf4 g5
29. Rg4 f6 30. Qd2 Kh8 31. Nf3 Rd7 32. Nxg5 fxg5 33. Qxg5 Rf7 34. Qh5 Ref8 35.
Rf4 Ne8 36. g4 Nf6 37. Qh4 Rg8 38. Kh3 h6 39. Kg3 Kh7 40. Kf3 Nd7 41. Kf2 Ne5
42. Qg3 Rfg7 43. h3 Qxa4 44. f6 Rf7 45. Rd2 Nxc4 46. e5 dxe5 47. Qd3+ Rg6 48.
Rxc4 Qc6 49. Kg3 b5 50. Re4 Rgxf6 51. Rxe5+ Kg7 52. Rf5 a4 53. Rdf2 a3 54. g5
Rxf5 55. Rxf5 Rxf5 56. Qxf5 a2 57. Qe5+ Kg6 58. gxh6 a1=Q 59. Qg7+ Kf5 60. Qg4+
Ke5 61. Qf4+ Kd5 62. Qf3+ Kd6 63. Qf6+ Kc7 64. Qg7+ Kb6 65. Kh4 Qe4+ 66. Kh5
Qf5+ 67. Kh4 Qe1+ {White resigns} 0-1

[Event "Team 45 45 League T46"]
[Site "Internet Chess Club"]
[Date "2010.08.05"]
[Round "1"]
[White "jonesey"]
[Black "Seaborgium"]
[Result "1-0"]
[WhiteElo "2002"]
[BlackElo "2013"]
[Opening "Philidor: Hanham variation"]
[ECO "C41"]
[Time "10:01:05"]
[TimeControl "2700+45"]

1. e4 e5 2. Nf3 d6 3. d4 Nd7 4. Bc4 c6 5. dxe5 dxe5 6. Bxf7+ Kxf7 7. Nxe5+ Ke8
8. Qh5+ g6 9. Nxg6 Ngf6 10. Qh4 hxg6 11. Qxh8 Qa5+ 12. Nc3 Qh5 13. Qxh5 Nxh5 14.
Bd2 Ne5 15. O-O-O Ng4 16. Rdf1 Bc5 17. f3 Ne3 18. Bxe3 Bxe3+ 19. Kb1 Be6 20. Rd1
Ke7 21. Ne2 Bc4 22. Nd4 Nf4 23. g3 Nh3 24. Rhe1 Bf2 25. Rh1 Be3 26. Rhe1 Nf2 27.
Rxe3 Nxd1 28. Re1 Nf2 29. b3 Ba6 30. h4 Rd8 31. Ne2 Nd1 32. Nf4 Kf7 33. Kc1 Nc3
34. Kb2 Nb5 35. a4 Nc7 36. Kc1 Ne6 37. Nxe6 Kxe6 38. Rd1 Rf8 39. f4 Be2 40. Rd2
Bg4 41. e5 Rf7 42. Rd6+ Kf5 43. Kd2 Bh5 44. Ke3 Kg4 45. e6 Re7 46. Ke4 Kxg3 47.
Ke5 Kxh4 48. Kf6 Re8 49. e7 Kg4 50. Rd4 c5 51. Rc4 {Black resigns} 1-0

[Event "Team 45 45 League T46"]
[Site "Internet Chess Club"]
[Date "2010.08.08"]
[Round "1"]
[White "Morovon23"]
[Black "sandham"]
[Result "1/2-1/2"]
[WhiteElo "2287"]
[BlackElo "2133"]
[Opening "QGD Slav: 3.Nf3"]
[ECO "D11"]
[Time "08:00:47"]
[TimeControl "2700+45"]

1. d4 d5 2. c4 c6 3. Nf3 e6 4. e3 Nf6 5. Bd3 Nbd7 6. Nbd2 Bd6 7. O-O O-O 8. e4
dxe4 9. Nxe4 Nxe4 10. Bxe4 Nf6 11. Bc2 c5 12. Bg5 h6 13. Bh4 cxd4 14. Qxd4 Be7
15. Qc3 Qc7 16. Rad1 b6 17. b3 Bb7 18. Rfe1 Rad8 19. h3 a5 20. Qe5 Qc6 21. Qg3
Rxd1 22. Rxd1 Rd8 23. Rxd8+ Bxd8 24. Ne5 Qc7 25. Qe3 Be7 26. Bg3 Qd8 27. Qd3
Qxd3 28. Nxd3 Nd7 29. Kf1 Kf8 30. f3 Ke8 31. Ke2 g5 32. Ke3 f5 33. Bc7 h5 34. g4
hxg4 35. hxg4 Kf7 36. Ne5+ Nxe5 37. Bxe5 Bc5+ 38. Ke2 Kg6 39. Bb2 Bc6 40. Be5
Bd7 41. Bc3 Bd6 42. Bd4 Bc7 43. a3 e5 44. Be3 Kf6 45. gxf5 Bd8 46. b4 axb4 47.
axb4 Bxf5 48. Bxf5 Kxf5 49. Kd3 Bc7 50. c5 bxc5 51. bxc5 Bd8 52. c6 Bc7 53. Kc4
g4 54. fxg4+ Kxg4 55. Kd5 Kf3 56. Bc5 e4 57. Bd6 Ba5 58. c7 Bxc7 59. Bxc7 {Game
drawn by mutual agreement} 1/2-1/2